AoeStats
← Dravogh

Oasis

510140551Analyzed
2v2 RM · 4d ago on Sep 29, 2026· 27m 36s· 4 players
Game mode
Random Map
Map size
Medium (4 player)
Population
200
Speed
Normal
Resources
Standard
Victory
Conquest
Starting age
Dark Age
Ending age
Imperial Age
RankedLock teamsTeams togetherTeam positionsShared explorationLock speedFull tech treeHidden civsTurbo modeCheats
Victory
Defeat
🇩🇪 Maya · Germany
1325
+18
🇩🇪 Khmer · Germany
1277
+19
🇵🇱 Teutons · Poland
1373
-19
🇵🇱 Varangians · Poland
1347
-18
Jetschy
5:26 Loom
10:49 Feudal Age
13:37 Castle Age
13:25 Double-Bit Axe
17:34 Gold Mining
21:07 Bloodlines
24:20 Scale Barding Armor
25:45 Scale Mail Armor
25:57 Forging
rommirom
0:31 Loom
10:36 Feudal Age
12:29 Double-Bit Axe
13:50 Fletching
19:24 Wheelbarrow
21:13 Horse Collar
26:08 Castle Age
26:26 Crossbowman
27:11 Thumb Ring
27:03 Bodkin Arrow
27:08 Padded Archer Armor
Rat
9:06 Loom
11:14 Feudal Age
16:02 Castle Age
16:07 Fletching
16:27 Scale Barding Armor
16:39 Double-Bit Axe
Dravogh
12:07 Feudal Age
13:11 Loom
15:56 Castle Age
13:49 Double-Bit Axe
14:26 Horse Collar
15:50 Scale Barding Armor
15:55 Forging
17:52 Bow Saw
20:31 Bloodlines
Connection lost

Rejoining the realm…

Still unreachable

The connection could not be restored.

Session expired

The server has moved on; the page needs a fresh start.